Map: Lerilakgipfel

Players

strichcode - Winner!

  • Race: Zerg Zerg
  • League: Gold

Hoofen

  • Race: Terran Terran
  • League: Gold

VOD

Have the link to the VOD?

Description

Time

  • Played on: Sept. 28, 2015, 3:25 p.m.
  • Length: 35:55
Show
View Real Time Build Order
Export as new Build Order

strichcode Zerg - Winner!

Build Orders: Hatch First 

Get SALT Encoding   

  12  0:01  Drone  
  13  0:13  Overlord  
  13  0:18  Drone  
  14  0:33  Drone x2  
  16  0:38  Drone  
  17  0:53  Hatchery  
  16  0:58  Drone  
  17  1:12  Drone, Spawning Pool  
  17  1:15  Extractor  
  17  1:18  Drone  
  17  1:21  Drone  
  18  1:30  Overlord  
  18  1:40  Drone  
  19  1:55  Drone  
  19  1:58  Hatchery  
  19  2:08  Queen  
  21  2:11  Drone  
  21  2:12  Drone  
  23  2:18  Metabolic Boost  
  22  2:33  Zergling x4  
  24  2:39  Spine Crawler  
  22  2:49  Drone x3  
  22  2:50  Queen  
  26  2:54  Extractor  
  26  2:57  Extractor, Zergling x2  
  25  3:03  Spine Crawler  
  26  3:15  Zergling x6  
  26  3:16  Zergling x2  
  31  3:20  Drone x2  
  31  3:23  Drone  
  31  3:26  Drone  
  34  3:30  Overlord  
  34  3:38  Drone x2  
  34  3:39  Drone  
  36  3:47  Drone  
  36  3:48  Drone x2  
  39  3:50  Drone  
  40  3:56  Drone x2  
  40  3:57  Drone  
  40  4:01  Overlord  
  43  4:18  Zergling x4  
  43  4:19  Zergling x4  
  43  4:21  Zergling x2  
  43  4:22  Zergling x8  
  52  4:27  Queen  
  52  4:28  Drone  
  52  4:31  Spine Crawler  
  54  4:36  Drone x3  
  54  4:38  Overlord  
  57  4:44  Baneling Nest  
  56  4:49  Lair  
  56  4:51  Drone  
  57  4:56  Drone  
  57  4:57  Drone x2  
  57  4:58  Drone x3  
  63  5:02  Overlord  
  63  5:05  Drone x2  
  57  5:22  Drone x9  
  62  5:28  Drone  
  62  5:29  Drone x4  
  62  5:34  Drone  
  67  5:39  Extractor  
  67  5:41  Evolution Chamber x2  
  67  5:42  Overlord  
  62  5:43  Overlord  
  62  5:45  Extractor  
  62  5:47  Extractor  
  62  5:49  Zergling x4  
  63  5:50  Zergling x2  
  63  5:51  Centrifical Hooks  
  64  5:57  Zergling x2  
  64  6:03  Zergling x4  
  67  6:07  Zergling x6  
  67  6:08  Zergling x8  
  67  6:09  Zergling x4  
  76  6:12  Zergling x2  
  77  6:20  Zerg Melee Weapons Level 1  
  77  6:24  Hatchery  
  76  6:26  Drone x2  
  76  6:30  Zergling x2  
  76  6:31  Zergling x10  
  84  6:35  Drone x3  
  84  6:36  Drone  
  84  6:38  Drone x2  
  90  6:41  Overlord x2  
  90  6:42  Overlord  
  90  6:43  Hatchery  
  90  6:44  Zerg Ground Armor Level 1  
  89  6:47  Overlord  
  89  6:57  Extractor  
  87  7:06  Zergling x2  
  87  7:07  Zergling x24  
  100  7:13  Zergling x6  
  100  7:14  Zergling x2  
  103  7:16  Baneling x7  
  103  7:17  Baneling x3  
  103  7:23  Spine Crawler  
  103  7:24  Spine Crawler  
  103  7:25  Zergling x6  
  103  7:26  Zergling x8  
  103  7:28  Zergling x2  
  98  7:49  Queen  
  100  7:54  Infestation Pit  
  99  7:59  Queen  
  99  8:01  Drone x2  
  99  8:02  Drone  
  104  8:08  Zergling x8  
  107  8:26  Drone x9, Extractor  
  112  8:28  Zerg Melee Weapons Level 2  
  112  8:29  Extractor  
  112  8:32  Hive  
  109  8:37  Queen  
  109  8:38  Drone x3  
  114  8:55  Overlord x5  
  103  9:07  Zergling x14  
  103  9:08  Extractor, Zergling x52  
  115  9:13  Extractor  
  111  9:17  Zerg Ground Armor Level 2  
  111  9:23  Roach Warren  
  110  9:25  Zergling x2  
  110  9:26  Zergling x18  
  110  9:29  Drone  
  110  9:30  Drone x2  
  123  9:35  Drone x3  
  126  9:52  Drone x2  
  128  9:54  Zergling x2  
  128  9:55  Zergling x24  
  128  9:58  Baneling  
  141  10:02  Spine Crawler, Baneling x6  
  141  10:03  Baneling x6  
  141  10:05  Spine Crawler  
  125  10:36  Hatchery  
  125  10:39  Drone x3, Spore Crawler  
  125  10:41  Spore Crawler  
  125  10:42  Spore Crawler  
  124  10:45  Spore Crawler, Zerg Melee Weapons Level 3, Ultralisk Cavern  
  124  10:46  Spore Crawler  
  121  10:56  Baneling  
  121  10:57  Baneling x9  
  119  11:13  Queen  
  116  11:24  Zergling x28  
  116  11:25  Zergling x10  
  132  11:34  Zergling x10  
  135  11:42  Queen  
  135  11:43  Drone x2  
  135  11:44  Drone  
  139  11:58  Ultralisk  
  145  12:05  Drone x7  
  152  12:10  Drone x3  
  152  12:11  Drone  
  156  12:26  Overseer  
  156  12:27  Chitinous Plating  
  156  12:37  Drone  
  156  12:39  Overlord x4  
  157  12:44  Hatchery  
  156  12:54  Overlord x5  
  153  13:32  Hatchery  
  125  13:37  Zergling x2  
  125  13:38  Zergling x32  
  127  14:00  Hatchery  
  127  14:02  Zergling x2  
  106  14:03  Zergling x6  
  103  14:12  Drone x4  
  93  14:42  Queen  
  93  14:45  Ultralisk  
  101  14:49  Zergling x6  
  104  14:59  Zergling x10  
  110  15:00  Zergling x2  
  110  15:03  Baneling x2  
  110  15:18  Ultralisk  
  116  15:22  Zerg Ground Armor Level 3  
  116  15:42  Zergling x24  
  125  15:43  Zergling x6  
  127  16:06  Ultralisk  
  127  16:10  Hatchery  
  129  16:17  Ultralisk x2  
  137  16:28  Drone x10  
  144  16:35  Drone x2  
  144  16:36  Drone x4  
  150  16:43  Drone x3  
  153  16:57  Ultralisk x2  
  165  17:04  Queen  
  167  17:09  Queen  
  167  17:12  Ultralisk Cavern  
  168  17:22  Zergling x2  
  169  17:23  Zergling x22  
  169  17:26  Baneling  
  169  17:27  Baneling x7  
  169  17:28  Baneling  
  180  17:33  Queen  
  142  17:52  Zergling x2  
  142  17:53  Zergling x20  
  142  17:58  Zergling x4  
  139  17:59  Zergling x8  
  135  18:07  Zergling x14  
  135  18:12  Zergling x2  
  142  18:13  Zergling x10  
  138  18:27  Ultralisk  
  138  18:28  Ultralisk  
  149  18:35  Drone x5  
  149  18:36  Drone x4  
  149  18:41  Zergling x10  
  153  18:42  Zergling x2  
  153  18:44  Zergling x4  
  156  18:49  Zergling x8  
  156  18:50  Zergling x2  
  158  18:58  Zergling x16  
  158  18:59  Zergling x2  
  166  19:07  Zergling x12  
  170  19:11  Ultralisk  
  176  19:31  Baneling  
  176  19:32  Baneling x9  
  176  19:33  Zergling x2  
  176  19:34  Zergling x26  
  190  19:44  Hatchery  
  189  19:45  Drone  
  189  19:46  Drone x5  
  195  20:11  Spire  
  194  20:16  Ultralisk  
  175  20:58  Ultralisk x2  
  175  20:59  Ultralisk x2  
  185  21:38  Hatchery  
  184  21:40  Hatchery  
  184  21:42  Mutalisk x6  
  184  21:43  Mutalisk x2  
  184  21:46  Zerg Flyer Armor Level 1  
  161  22:10  Zergling x2  
  161  22:11  Zergling x46  
  169  22:25  Ultralisk Cavern, Queen  
  169  22:27  Extractor  
  169  22:28  Zergling x16  
  169  22:29  Extractor, Zergling x14  
  181  22:35  Zergling x2  
  181  22:36  Zergling x4  
  160  22:47  Zergling x2  
  160  22:48  Zergling x18  
  160  22:51  Baneling  
  160  22:52  Baneling x3  
  160  22:53  Baneling x4  
  159  23:15  Hatchery  
  158  23:21  Queen  
  152  23:45  Ultralisk x4  
  152  23:46  Ultralisk x4  
  200  24:01  Extractor x2  
  198  24:22  Hatchery  
  181  24:48  Ultralisk x3  
  181  24:50  Hatchery  
  196  25:05  Zergling x6  
  196  25:06  Zergling x2  
  193  25:40  Zergling x4  
  193  25:41  Zergling x6  
  179  26:40  Zergling x2  
  179  26:41  Zergling x40  
  179  26:42  Zergling x6  
  194  27:35  Queen  
  196  27:38  Hatchery  
  191  27:54  Mutalisk  
  191  27:55  Mutalisk x4  
  199  28:01  Lair  
  191  28:50  Hatchery  
  185  29:07  Baneling x8  
  185  29:08  Baneling x23  
  185  29:10  Drone x2  
  173  29:51  Zergling x2  
  173  29:52  Zergling x38  
  185  30:51  Hatchery  
  185  30:54  Hatchery  
  181  31:11  Hatchery  
  181  31:12  Overlord x3  
  181  31:15  Corruptor x2  
  173  32:04  Hatchery  
  173  32:07  Drone  
  173  32:17  Corruptor  
  175  32:23  Overseer  
  175  32:25  Overseer  
  175  32:35  Drone x2  
  177  32:38  Drone x2  
  178  33:31  Mutalisk  
  178  33:32  Mutalisk x3  
  186  33:34  Mutalisk  
  186  33:35  Mutalisk x3  
  186  33:39  Hatchery, Drone  
  194  33:57  Drone x3  
  189  34:07  Drone x3  
  189  34:09  Drone x2  
  195  34:10  Drone  
  195  34:18  Lair  
  193  34:32  Spire  
  192  34:52  Drone x3  
  195  35:07  Drone x3  
  195  35:25  Spore Crawler  
  195  35:28  Spore Crawler x3  
  188  35:29  Spore Crawler x2  
  188  35:31  Spore Crawler x2  
  188  35:32  Spore Crawler x3  
  188  35:33  Spore Crawler x3  
Show
View Real Time Build Order
Export as new Build Order

Hoofen Terran 

Build Orders: Reaper Expand, MMM Bio 

Get SALT Encoding   

  12  0:01  SCV  
  13  0:13  SCV  
  14  0:18  Supply Depot  
  14  0:25  SCV  
  15  0:42  Barracks  
  15  0:44  SCV, Refinery  
  16  0:56  SCV  
  17  1:08  Supply Depot, SCV  
  18  1:23  SCV  
  19  1:29  Reaper  
  20  1:37  Orbital Command  
  20  1:54  Command Center  
  20  2:01  Reaper  
  21  2:09  SCV  
  22  2:21  SCV  
  23  2:22  Supply Depot  
  23  2:34  SCV  
  23  2:35  Factory  
  24  2:46  SCV  
  24  2:50  Barracks Reactor  
  25  2:57  Command Center  
  25  2:58  SCV  
  26  3:15  Barracks  
  26  3:18  SCV  
  27  3:22  Barracks  
  27  3:27  Orbital Command  
  27  3:31  SCV  
  28  3:37  Barracks Tech Lab  
  28  3:38  Hellion  
  30  3:42  Hellion  
  30  3:53  SCV x2  
  32  4:00  Stimpack  
  31  4:05  Hellion  
  33  4:12  Barracks Reactor x2  
  31  4:23  Orbital Command  
  31  4:32  Hellion  
  31  4:34  SCV  
  34  4:39  Hellion  
  34  4:41  SCV  
  37  4:46  SCV, Refinery, Marine  
  39  4:54  SCV x2  
  39  4:57  Marine x2  
  39  4:58  SCV, Marine x2  
  46  5:06  SCV x2  
  48  5:08  Bunker  
  48  5:10  SCV  
  48  5:13  Hellion x2  
  44  5:18  SCV x2  
  44  5:27  SCV  
  40  5:30  SCV  
  40  5:35  SCV  
  40  5:39  Hellion x2, Marine x4  
  40  5:40  Marine  
  49  5:44  SCV x2  
  49  5:47  SCV  
  52  5:56  Engineering Bay  
  52  5:57  Marine  
  52  5:59  Engineering Bay  
  52  6:01  Bunker  
  52  6:03  Hellion x2  
  57  6:04  Marine  
  57  6:07  Combat Shields  
  57  6:09  SCV  
  59  6:19  Engineering Bay  
  59  6:24  Engineering Bay  
  59  6:25  Hellion  
  61  6:27  Hellion  
  61  6:30  Terran Infantry Weapons Level 1  
  63  6:33  Terran Infantry Armor Level 1  
  63  6:43  SCV  
  63  6:44  SCV  
  65  6:47  Starport  
  65  6:49  Armory  
  65  6:54  Barracks  
  65  6:58  Barracks  
  65  7:04  SCV x2  
  65  7:06  Marine x2  
  69  7:19  Supply Depot x2  
  69  7:32  Marine x2  
  69  7:34  Marine x2  
  69  7:40  SCV, Marine  
  69  7:42  Refinery x2  
  73  7:45  Barracks Reactor  
  73  7:46  Supply Depot, Barracks Reactor  
  73  7:48  Supply Depot  
  73  7:49  Orbital Command  
  73  7:50  Marine x2  
  73  7:51  Supply Depot  
  73  7:56  Medivac x2  
  73  7:57  Factory Tech Lab  
  77  7:59  Terran Vehicle Weapons Level 1  
  77  8:00  Marine x3  
  77  8:03  Missile Turret  
  80  8:14  Missile Turret, Marine x2  
  80  8:18  Marine x3  
  81  8:22  Marine x2  
  81  8:23  Marine x2  
  77  8:29  Siege Tank  
  77  8:32  Marine x2  
  82  8:34  SCV  
  82  8:35  SCV  
  82  8:39  SCV  
  85  8:41  Marine  
  85  8:42  Marine  
  85  8:46  SCV  
  85  8:47  SCV  
  89  8:51  SCV  
  90  8:59  SCV  
  90  9:01  Marauder, Marine x3  
  96  9:08  Marine x4  
  96  9:09  Marine  
  81  9:13  Refinery  
  81  9:14  SCV  
  81  9:15  SCV x2  
  83  9:18  Marine  
  84  9:26  Terran Infantry Weapons Level 2  
  84  9:27  SCV x2  
  84  9:30  Terran Infantry Armor Level 2  
  86  9:35  SCV  
  86  9:37  Missile Turret  
  87  9:39  SCV, Missile Turret  
  88  9:46  Marine  
  88  9:47  Marauder, Marine x7  
  88  9:50  Medivac  
  88  9:52  Medivac  
  102  10:04  Marine  
  102  10:05  Marine x5  
  108  10:12  Marine  
  109  10:16  Marine  
  109  10:21  Marauder  
  109  10:29  Factory  
  109  10:31  Supply Depot, Barracks  
  109  10:34  Supply Depot x2  
  109  10:35  Marine x8  
  117  10:39  Medivac  
  117  10:40  Supply Depot  
  117  10:41  Marine, Medivac  
  122  10:44  Siege Tank  
  125  10:52  Marine x8  
  133  11:00  Marauder  
  135  11:10  Marine x4  
  129  11:11  Marine  
  129  11:12  Marine x3  
  131  11:21  Marauder  
  128  11:28  Marine x4  
  128  11:29  Marine  
  128  11:30  Marine x3  
  131  11:43  Marauder  
  131  11:44  Factory Tech Lab  
  131  11:46  Barracks Reactor, Marine x4  
  137  11:47  Siege Tank  
  137  11:48  Terran Vehicle Weapons Level 2  
  137  11:49  Marine x4  
  143  11:55  Medivac  
  143  11:56  Medivac  
  147  12:02  Command Center  
  147  12:04  Marauder, Marine  
  147  12:05  Marine  
  147  12:07  Terran Infantry Weapons Level 3, Terran Infantry Armor Level 3  
  151  12:21  Marine  
  151  12:22  Marine x6  
  154  12:23  Marine x3  
  154  12:25  Marauder  
  154  12:27  Siege Tank  
  166  12:39  Marine  
  167  12:50  Marauder, Marine x3  
  167  12:51  Marine  
  173  12:56  Supply Depot  
  173  13:04  Marine  
  173  13:13  Marine x9  
  180  13:20  Siege Tank x2  
  180  13:22  Marine, Marauder  
  189  13:31  Marine x4  
  189  13:32  Marine x5  
  153  13:44  Orbital Command  
  126  14:06  SCV  
  108  14:32  Marauder, Marine x4  
  108  14:33  Marine x5  
  108  14:38  Command Center x2  
  119  14:50  Marine x8  
  119  14:52  Marine  
  128  14:54  Marauder  
  128  14:57  Bunker  
  128  14:59  Orbital Command  
  130  15:00  Bunker  
  130  15:08  Marine x8  
  130  15:10  Marine  
  139  15:14  Marine  
  139  15:21  Thor  
  140  15:23  Medivac x2  
  140  15:25  Marine x2  
  140  15:26  Marine x3  
  155  15:33  Marauder  
  157  15:46  Orbital Command  
  151  15:54  Marauder, Marine x3  
  151  15:55  Marine x6  
  155  16:01  SCV  
  155  16:02  SCV  
  145  16:12  Marine x4  
  145  16:13  Marine x5  
  145  16:14  Siege Tank  
  145  16:16  Marauder  
  155  16:42  Command Center  
  155  16:48  Marauder, Marine  
  155  16:49  Marine x3  
  155  16:50  Marine x5  
  166  17:06  Marine  
  166  17:07  Marine x2  
  169  17:10  Marauder  
  169  17:11  Siege Tank x2  
  169  17:13  Marine x6  
  183  17:24  Marine  
  183  17:25  Marine x2  
  186  17:31  Marauder, Marine x6  
  194  17:42  Marine x2  
  194  17:43  Siege Tank, Marine  
  199  17:48  Marine  
  199  17:49  Marine x4  
  169  17:52  Marine  
  169  17:53  Marauder  
  144  17:59  Marine  
  144  18:00  Marine x2  
  142  18:06  Marine  
  142  18:07  Marine x4  
  142  18:10  Marine  
  146  18:14  Marauder  
  146  18:17  Marine  
  146  18:18  Marine x2  
  145  18:24  Marine  
  145  18:25  Marine x4  
  144  18:28  Marine  
  137  18:35  Marauder, Marine  
  137  18:36  Marine x2  
  137  18:39  Siege Tank  
  136  18:42  Marine x5  
  136  18:46  Marine  
  137  18:53  Marine  
  137  18:54  Marine x2  
  128  18:57  Marauder  
  128  19:00  Marine x5  
  123  19:04  Marine  
  118  19:11  Marine  
  118  19:12  Marine x2  
  114  19:18  Marauder, Marine x5  
  114  19:23  Refinery  
  120  19:24  Refinery  
  120  19:26  Barracks  
  120  19:27  Barracks  
  120  19:28  Marine  
  120  19:29  Marine x2  
  120  19:30  Refinery  
  123  19:32  Refinery, Barracks  
  123  19:35  Marine  
  123  19:36  Marine x4  
  127  19:39  Marauder  
  129  19:46  Marine  
  129  19:47  Marine x2  
  129  19:49  Refinery  
  132  19:53  Marine  
  132  19:54  Marine x4  
  132  19:58  Marine  
  133  20:00  Marine  
  133  20:04  Marine  
  133  20:05  Marine x2  
  137  20:11  Marine  
  138  20:15  Marine  
  138  20:16  Marine x4  
  138  20:19  Marauder  
  145  20:22  Marine  
  145  20:23  Marine  
  143  20:34  Marine x6  
  149  20:40  Barracks Tech Lab x2, Marauder  
  149  20:41  Barracks Tech Lab x2, Orbital Command  
  121  21:15  Marine  
  121  21:16  Marauder, Marine x2  
  115  21:19  Marauder x4  
  115  21:21  Medivac  
  115  21:22  Medivac  
  127  21:31  SCV x2  
  129  21:37  Marauder  
  131  21:40  Marauder x2  
  131  21:41  Marauder x2  
  131  21:47  SCV  
  140  21:49  Orbital Command  
  140  21:51  Medivac  
  140  21:53  Siege Tank x2  
  148  21:58  Marauder  
  148  21:59  SCV  
  109  22:11  Marauder x2, Marine x6  
  117  22:19  Marine  
  111  22:28  Marine  
  111  22:29  Marine x5  
  110  22:31  Marine  
  107  22:37  Marine  
  96  22:46  Marine  
  96  22:47  Marine x2  
  95  22:55  Marauder  
  95  22:57  Orbital Command  
  92  23:17  Marine x5  
  92  23:18  Marine x3  
  100  23:26  Thor x2  
  109  23:35  Marine x7  
  102  23:52  Marine  
  102  23:53  Marine x5  
  102  23:55  SCV  
  109  23:58  Marine  
  109  24:00  Orbital Command  
  110  24:07  SCV  
  111  24:10  Marine  
  111  24:11  Marine  
  111  24:12  Marine x2  
  111  24:16  Marine x3  
  118  24:19  SCV  
  119  24:28  Marine  
  119  24:29  Marine x2  
  119  24:30  Marine  
  123  24:34  SCV x2, Marine x3  
  128  24:40  Barracks  
  128  24:41  Barracks  
  123  24:46  Marine  
  123  24:47  Marine x3  
  123  24:52  Marine x3  
  130  25:04  Marine x2  
  130  25:05  Marine x2  
  134  25:09  Marine  
  134  25:10  Marauder, Marine  
  138  25:22  Marine x2  
  138  25:23  Marine x2  
  138  25:27  Marine  
  138  25:28  Marine  
  144  25:29  SCV x2  
  144  25:30  SCV x3  
  144  25:32  Marauder  
  146  25:39  Marine  
  146  25:40  Marine  
  146  25:41  SCV x2, Marine x2  
  146  25:42  SCV x3  
  151  25:45  Marine  
  151  25:46  Marine  
  154  25:51  Concussive Shells  
  154  25:53  Marauder  
  156  25:57  Marine  
  156  25:58  Marine x2  
  156  25:59  Marine  
  156  26:03  Marine x2  
  152  26:15  Marine, Marauder  
  152  26:16  Marine x2  
  157  26:20  Barracks Tech Lab  
  157  26:25  Barracks Tech Lab  
  157  26:27  Refinery  
  157  26:28  Planetary Fortress  
  157  26:29  Refinery  
  94  27:04  Marauder x2  
  94  27:05  Marine x3, Marauder  
  94  27:06  Marine x3  
  97  27:22  Marine  
  97  27:23  Marine x5  
  97  27:25  Marine  
  97  27:26  Marauder x2  
  108  27:40  Marine x2  
  108  27:41  Marine x4  
  108  27:43  Marine  
  115  27:47  Marauder x2  
  105  27:58  Marine x3  
  105  27:59  Marine  
  87  28:28  Orbital Command  
  79  28:42  Medivac x2  
  52  31:15  Orbital Command  
  52  31:18  Orbital Command  
  45  33:36  Orbital Command  
Tags
 
Add a new tag
Caveats
  • Supply blocks, unpowered buildings, or Contaminate may cause inaccurate times.
  • Supply counts are checked every 10 seconds.